 Dungeon Crawl Stone Soup version 0.21.1-1-g345015f (webtiles) character file.

1364 shakethe the Chopper (level 8, -2/62 HPs)
             Began as a Demonspawn Gladiator on Feb 26, 2018.
             Was an Initiate of Okawaru.
             Slain by a gnoll sergeant
             ... wielding a +0 spear
              (5 damage)
             ... on level 6 of the Dungeon.
             The game lasted 00:10:00 (7397 turns).

shakethe the Chopper (Demonspawn Gladiator)         Turns: 7397, Time: 00:10:01

Health: -2/62      AC:  7    Str: 20    XL:     8   Next: 38%
Magic:  8/8        EV: 13    Int: 12    God:    Okawaru [......]
Gold:   201        SH:  4    Dex: 14    Spells: 7/7 levels left

rFire    . . .     SeeInvis .   a - +1 war axe
rCold    . . .     Gourm    .   s - +0 buckler
rNeg     . . .     Faith    .   b - +0 leather armour
rPois    +         Spirit   .   c - +0 helmet
rElec    .         Reflect  .   o - +1 cloak
rCorr    .         Harm     .   (no gloves)
MR       .....                  r - +0 pair of boots
Stlth    +.........             (no amulet)
HPRegen  0.20/turn              t - ring of poison resistance {rPois, !d}
MPRegen  0.11/turn              k - +5 ring of strength

@: drained
A: hooves 1, powered by pain 2
a: Renounce Religion


You were on level 6 of the Dungeon.
You worshipped Okawaru.
Okawaru was noncommittal.
You were not hungry.

You visited 2 branches of the dungeon, and saw 7 of its levels.

You collected 201 gold pieces.

Inventory:

Hand Weapons
 a - a +1 war axe (weapon)
Missiles
 d - 4 throwing nets {=f, !d}
Armour
 b - a +0 leather armour (worn)
 c - a +0 helmet (worn)
 o - a +1 cloak (worn)
   (You found it on level 2 of the Dungeon)
 r - a +0 pair of boots (worn)
   (You found it on level 5 of the Dungeon)
 s - a +0 buckler (worn)
   (You found it on level 3 of the Dungeon)
Jewellery
 g - an uncursed ring of wizardry {Wiz+, !d}
   (You found it on level 1 of the Dungeon)
 h - an uncursed ring of protection from fire {rF+, !d}
   (You found it on level 4 of the Dungeon)
 k - a +5 ring of strength (right hand)
   (You found it on level 4 of the Dungeon)
 m - an uncursed ring of wizardry {Wiz+, !d}
   (You found it on level 2 of the Dungeon)
 t - a ring of poison resistance (left hand) {rPois, !d}
   (You found it on level 4 of the Dungeon)
 w - an uncursed ring of stealth {Stlth+}
   (You found it on level 3 of the Dungeon)
Wands
 z - a wand of disintegration (8)
   (You found it on level 5 of the Dungeon)
Scrolls
 e - 2 scrolls of identify
 l - 2 scrolls of amnesia
 y - a scroll of enchant armour
Potions
 i - a potion of resistance
 j - a potion of curing
 u - 2 potions of mutation {!q}
Comestibles
 f - 4 rations


   Skills:
 + Level 5.1(4.2) Fighting
 * Level 6.7(5.8) Axes
 - Level 1.7(0.9) Throwing
 + Level 5.0(4.1) Dodging
 + Level 3.3(2.4) Shields


You had 7 spell levels left.
You didn't know any spells.

Dungeon Overview and Level Annotations

Branches:
Dungeon (6/15)             Temple (1/1) D:5

Altars:
Cheibriados
Dithmenos
Fedhas
Kikubaaqudgha
Makhleb
Nemelex Xobeh
Okawaru
Qazlal
Ru
Sif Muna
Trog
Uskayaw
Vehumet
Wu Jian
Xom
Yredelemnul

Annotations:
D:4 Grinder
D:5 Edmund, Sigmund


Innate Abilities, Weirdness & Mutations

You have large cloven feet.
You sometimes gain power by taking damage.


Message History

u - 2 potions of mutation {!q} (gained 1)
d - 4 throwing nets {=f, !d} (gained 1)
Things that are here:
2 tomahawks; a gnoll skeleton You regained 2 hp, and now have 55/62 hp.
You see here 24 sling bullets.
There is a stone staircase leading down here.
A gnoll comes into view. It is wielding a halberd.
The gnoll throws a throwing net.
The throwing net hits you.
You become entangled in the net!
You see here a throwing net {=f, !d}.
Health restored: 62 You struggle against the net.
The gnoll closely misses you.
You struggle against the net.
You struggle against the net.
The gnoll hits you but does no damage.
You struggle against the net.
The gnoll hits you but does no damage.
You rip the net and break free!
The gnoll hits you from afar with a halberd!
You take 7 damage, and have 55/62 hp.
The gnoll hits you with a halberd.
You take 5 damage, and have 50/62 hp.
You slash the gnoll!
You kill the gnoll!
Okawaru accepts your kill.
Things that are here:
a halberd; a gnoll corpse
Things that are here:
a halberd; a gnoll corpse You start resting.
Health restored: 62 A gnoll and a gnoll shaman come into view.
A gnoll comes into view. It is wielding a spear.
The gnoll shouts!
The gnoll shaman shouts!
You hear a shout! x2
A gnoll comes into view. It is wielding a halberd.
A gnoll sergeant comes into view. It is wielding a spear.
The gnoll shouts!
The gnoll sergeant shouts!
You hear a bark!
Found a stone staircase leading down.
The gnoll barely misses you. The gnoll completely misses you.
You slash the gnoll! The gnoll closely misses you.
The gnoll hits you with a spear.
You take 4 damage, and have 58/62 hp.
You closely miss the gnoll.
The gnoll hits you but does no damage. x2
You slash the gnoll!
You kill the gnoll!
Okawaru accepts your kill.
The gnoll shaman hits you but does no damage.
The gnoll misses you.
You see here a spear.
You closely miss the gnoll shaman. You hit the gnoll sergeant.
The gnoll shaman hits you with a whip! The gnoll barely misses you.
The gnoll sergeant barely misses you. You block the gnoll's attack.
The gnoll shaman hits you but does no damage.
You take 9 damage, and have 50/62 hp.
You slash the gnoll shaman! You hit the gnoll sergeant.
The gnoll sergeant barely misses you. The gnoll misses you.
The gnoll barely misses you. The gnoll shaman hits you with a whip.
The gnoll sergeant hits you with a spear.
You take 5 damage, and have 45/62 hp.
You slash the gnoll shaman!
You hit the gnoll sergeant but do no damage.
The gnoll barely misses you. The gnoll closely misses you.
You block the gnoll shaman's attack.
The gnoll sergeant hits you with a spear.
You take 1 damage, and have 44/62 hp.
You hit the gnoll sergeant but do no damage.
You hit the gnoll shaman. The gnoll barely misses you.
The gnoll hits you from afar with a halberd.
The gnoll shaman hits you with a whip. The gnoll sergeant closely misses you.
The gnoll barely misses you.
You take 5 damage, and have 39/62 hp.
You slash the gnoll sergeant!
You hit the gnoll shaman but do no damage.
The gnoll barely misses you. The gnoll shaman misses you.
The gnoll sergeant hits you with a spear.
The gnoll hits you from afar with a spear.
You take 4 damage, and have 35/62 hp.
You barely miss the gnoll sergeant. You completely miss the gnoll shaman.
The gnoll shaman hits you with a whip.
The gnoll hits you from afar with a halberd.
The gnoll sergeant hits you with a spear.
The gnoll hits you from afar with a spear.
* * * LOW HITPOINT WARNING * * *
The gnoll shaman hits you but does no damage.
You take 18 damage, and have 17/62 hp.
MASSIVE DAMAGE!!
You hit the gnoll sergeant but do no damage.
You hit the gnoll shaman.
You kill the gnoll shaman!
Okawaru accepts your kill. You block the gnoll sergeant's attack.
You block the gnoll's attack.
The gnoll hits you from afar with a spear.
* * * LOW HITPOINT WARNING * * *
The gnoll sergeant barely misses you.
You take 5 damage, and have 12/62 hp.
You hit the gnoll sergeant but do no damage.
You block the gnoll's attack.
The gnoll hits you from afar with a halberd!
* * * LOW HITPOINT WARNING * * *
The gnoll sergeant hits you with a spear.
You die...

#.............8.#......#
##..............(########
#.#............(..######
########.#####.......#...(....##
......#.## ###...#..#....(....#
.........####...#....####.<.....
.......)..#...####.### #.......
..............###...>## ##.(..#.
....#..###....)@......# #...###
#......# ###.gg###.........### #
#....... ##.g## #.......## .
........ ##..## #.....# #.
..##....##..## #.... .. .#
##......## #... ##....## #.#
#....# .. #.....#


You could see a gnoll sergeant and 2 gnolls.

Vanquished Creatures
  Pikel (D:5)
  A slave (D:5)
  An ogre (D:4)
  A bullfrog (D:6)
  A gnoll sergeant (D:5)
  A scorpion (D:5)
  A howler monkey (D:4)
  2 crimson imps (D:5)
  A centaur zombie (D:5)
  2 jellies
  2 gnoll shamans
  A bullfrog skeleton (D:4)
  2 worker ants (D:5)
  2 hound skeletons (D:4)
  15 gnolls
  5 adders
  An ooze (D:4)
  A worm (D:2)
  4 dart slugs
  4 leopard geckos
  8 orcs
  A ball python (D:4)
  9 bats
  4 giant cockroaches
  6 goblins
  8 hobgoblins
  6 jackals
  9 kobolds
  3 quokkas
  4 frilled lizards
  2 leopard gecko skeletons
  10 rats
119 creatures vanquished.

Vanquished Creatures (others)
  A sky beast (D:5)
  A centaur zombie (D:5)
  An adder (D:5)
3 creatures vanquished.

Grand Total: 122 creatures vanquished

Notes
Turn   | Place    | Note
-------+----------+-------------------------------------------
     0 | D:1      | shakethe the Demonspawn Gladiator began the quest for the Orb.
     0 | D:1      | Reached XP level 1. HP: 16/16 MP: 1/1
   223 | D:1      | Reached skill level 3 in Axes
   223 | D:1      | Gained mutation: You sometimes gain a little power by taking damage. [demonic ancestry]
   223 | D:1      | Reached XP level 2. HP: 22/22 MP: 2/2
   435 | D:1      | HP: 5/23 [hobgoblin/club (4)]
   437 | D:1      | HP: 2/23 [hobgoblin/club (3)]
   757 | D:1      | Reached skill level 3 in Dodging
   775 | D:1      | Gained mutation: You sometimes gain power by taking damage. [demonic ancestry]
   775 | D:1      | Reached XP level 3. HP: 27/28 MP: 3/3
  1531 | D:2      | Reached XP level 4. HP: 34/34 MP: 4/4
  1702 | D:2      | Found a snail-covered altar of Cheibriados.
  1880 | D:2      | Reached skill level 3 in Fighting
  1880 | D:2      | Reached skill level 4 in Axes
  2136 | D:2      | Reached XP level 5. HP: 19/41 MP: 5/5
  2971 | D:3      | HP: 10/41 [gnoll/spear (4)]
  3331 | D:3      | Found a shimmering altar of Xom.
  3961 | D:3      | Found a deep blue altar of Sif Muna.
  4222 | D:4      | Reached XP level 6. HP: 43/47 MP: 6/6
  4250 | D:4      | Found a shadowy altar of Dithmenos.
  4351 | D:4      | Noticed Grinder
  4387 | D:4      | Reached skill level 1 in Shields
  4468 | D:4      | Reached skill level 5 in Axes
  4499 | D:4      | Reached skill level 4 in Dodging
  4631 | D:4      | Paralysed by Grinder for 5 turns
  4673 | D:5      | Entered Level 5 of the Dungeon
  4837 | D:5      | Found a basalt altar of Yredelemnul.
  4890 | D:5      | Noticed a slave
  4891 | D:5      | Noticed Pikel
  4899 | D:5      | Noticed a slave
  4901 | D:5      | Noticed a slave
  4902 | D:5      | Noticed a slave
  4914 | D:5      | Killed a slave
  4916 | D:5      | Killed Pikel
  4916 | D:5      | Reached skill level 4 in Fighting
  4916 | D:5      | Reached skill level 2 in Shields
  4916 | D:5      | Reached XP level 7. HP: 55/55 MP: 7/7
  4918 | D:5      | Reached skill level 6 in Axes
  5013 | D:5      | Found a staircase to the Ecumenical Temple.
  5025 | Temple   | Entered the Ecumenical Temple
  5532 | D:5      | Found an iron altar of Okawaru.
  5589 | D:5      | Became a worshipper of Warmaster Okawaru
  5828 | D:5      | Gained mutation: You have large cloven feet. [demonic ancestry]
  5828 | D:5      | Reached XP level 8. HP: 55/61 MP: 8/8
  6201 | D:5      | Found a blossoming altar of Fedhas.
  6309 | D:5      | Noticed Edmund
  6310 | D:5      | Noticed Sigmund
  6345 | D:5      | HP: 14/61 [Edmund/dire flail of draining (2)]
  6346 | D:5      | HP: 6/61 [Edmund/dire flail of draining (8)]
  6636 | D:6      | Reached skill level 3 in Shields
  7007 | D:5      | Reached skill level 5 in Fighting
  7007 | D:5      | Reached skill level 5 in Dodging
  7396 | D:6      | HP: 12/62 [gnoll/spear (5)]
  7397 | D:6      | HP: 3/62 [gnoll/halberd (9)]
  7397 | D:6      | Slain by a gnoll sergeant

Skill      XL: |  1  2  3  4  5  6  7  8 |
---------------+-------------------------+-----
Axes           | 3 4 5 6 |  6.7
Dodging        | 3 4 5 |  5.0
Fighting       | 3 4 5 |  5.1
Shields        | 2 3 |  3.3
Throwing       | |  1.7

Action                   |  1- 3 |  4- 6 |  7- 9 || total
-------------------------+-------+-------+-------++-------
Melee: War axe           |   120 |   177 |    99 ||   396
       Kick              |       |       |     2 ||     2
  Use: Scroll            |       |     9 |     2 ||    11
       Potion            |       |     1 |     4 ||     5
 Stab: Sleeping          |     1 |     1 |       ||     2
  Eat: Chunk             |     2 |     4 |     1 ||     7
       Ration            |       |     2 |     2 ||     4
Armor: Leather armour    |    50 |    26 |    18 ||    94
       Ring mail         |       |    18 |    11 ||    29
       Skin              |       |    20 |     3 ||    23
Dodge: Dodged            |   108 |   122 |    84 ||   314
Block: Buckler           |       |    20 |    25 ||    45

Vault maps used:
D:1:      minmay_arrival_open_corners
D:2:      lemuel_doored_altar, first_ration
D:3:      lemuel_coloured_pillars_altar, xom_teletrap_fun
D:4:      marbit_many_paths, nicolae_dithmenos_shadow_blocks, uniq_grinder
D:5:      kennysheep_mini_moat, kennysheep_okawaru_gauntlet,
          yredelemnul_altar_generic, minmay_temple_entry_glass,
          sigmund_edmund_badplayer, uniq_edmund, uniq_pikel
D:6:      old_standard_altar, chequers_temple_overflow_statue_of_worship,
          serial_gnoll_camp, gnoll_camp_medium_01, gnoll_camp_mini_basic,
          gnoll_camp_mini_hut, gnoll_camp_medium_02, gnoll_camp_huts_basic,
          serial_bayou_pond_a, nrook_mini_backslash, nemelex_spade_bored_becter
Temple:   compressed_dpeg_triangle_lava_temple

Table legend:
 A = Turns spent in this place as a percentage of turns spent in the entire game.
 B = Non-inter-level travel turns spent in this place as a percentage of non-inter-level travel turns spent in the entire game.
 C = Inter-level travel turns spent in this place as a percentage of turns spent in this place.
 D = Turns resting spent in this place as a percentage of non-inter-level travel turns spent in this place.
 E = Turns spent auto-exploring this place as a percentage of non-inter-level travel turns spent in this place.
 F = Non-inter-level travel turns spent in this place divided by the number of levels of this place that you've seen.
                   A       B       C       D       E      F
               +-------+-------+-------+-------+-------+----------------------
         Total | 100.0 | 100.0 |   3.8 |  38.1 |  42.8 | 1016.6
       Dungeon |  94.1 |  93.9 |   4.0 |  40.6 |  40.3 | 1113.8
        Temple |   5.9 |   6.1 |   0.0 |   0.0 |  80.8 | 433.0
               +-------+-------+-------+-------+-------+----------------------

Table legend:
 A = Kills in this place as a percentage of kills in entire the game.
 B = Kills by you in this place as a percentage of kills by you in the entire game.
 C = Kills by friends in this place as a percentage of kills by friends in the entire game.
 D = Other kills in this place as a percentage of other kills in the entire game.
 E = Experience gained in this place as a percentage of experience gained in the entire game.
 F = Experience gained in this place divided by the number of levels of this place that you have seen.
                   A       B       C       D       E      F
               +-------+-------+-------+-------+-------+----------------------
         Total | 100.0 | 100.0 |   N/A | 100.0 | 100.0 | 278.4
       Dungeon | 100.0 | 100.0 |   N/A | 100.0 | 100.0 | 324.8
               +-------+-------+-------+-------+-------+----------------------
